 Dungeon Crawl Stone Soup version 0.23.2-1-ga50397a (webtiles) character file.

Game seed: 4599250137916131754

48953 dengdeng the Fencer (level 14, -22/124 HPs)
             Began as a Minotaur Berserker on May 9, 2019.
             Was the Champion of Trog.
             Annihilated by an orc warrior
             ... wielding a cursed -3 trident
             ... led by an orc warlord
              (28 damage)
             ... on level 2 of the Orcish Mines on May 10, 2019.
             The game lasted 01:12:56 (16348 turns).

dengdeng the Fencer (Minotaur Berserker)           Turns: 16348, Time: 01:12:57

Health: -22/124    AC: 21    Str: 28    XL:     14   Next: 14%
Magic:  13/13      EV: 14    Int:  4    God:    Trog [******]
Gold:   1798       SH:  0    Dex:  9    Spells: 13/13 levels left

rFire    . . .     SeeInvis .   x - +6 battleaxe (chop)
rCold    . . .     Gourm    .   (shield currently unavailable)
rNeg     + . .     Faith    .   W - +0 storm dragon scales
rPois    .         Spirit   .   (helmet restricted)
rElec    +         Reflect  .   z - +0 cloak
rCorr    .         Harm     .   R - +1 pair of gloves
MR       +....                  e - +0 pair of boots
Stlth    ..........             Q - amulet of regeneration
HPRegen  0.70/turn              T - ring of positive energy
MPRegen  0.13/turn              V - +3 ring of evasion

@: berserk cooldown, slowed, very slow
A: retaliatory headbutt, horns 2
a: Berserk, Trog's Hand, Brothers in Arms, Renounce Religion


You were on level 2 of the Orcish Mines.
You worshipped Trog.
Trog was exalted by your worship.
You were near starving.

You visited 2 branches of the dungeon, and saw 17 of its levels.

You collected 1863 gold pieces.
You spent 65 gold pieces at shops.

Inventory:

Hand Weapons
 x - a +6 battleaxe of chopping (weapon)
 A - the +9 dagger "Vohueth" {freeze, +Inv}
   (You found it on level 14 of the Dungeon)

   It has been specially enchanted to freeze those struck by it, causing extra
   injury to most foes and up to half again as much damage against particularly
   susceptible opponents.
   It can also slow down cold-blooded creatures.
   It lets you turn invisible.
 D - the +2 Maxwell's thermic engine {flame, freeze}
   (You found it on level 5 of the Dungeon)

   It has been specially enchanted to burn those struck by it, causing extra
   injury to most foes and up to half again as much damage against particularly
   susceptible opponents.
   Big, fiery blades are also staple armaments of hydra-hunters.
 I - the +2 rapier "Plog" {chaos, rF+}
   (You found it on level 6 of the Dungeon)

   Each time it hits an enemy it has a different, random effect.
   It protects you from fire.
 O - a +1 antimagic quarterstaff
 X - a +0 shortbow of flaming
Missiles
 J - 255 stones
 K - 427 arrows
 L - 10 tomahawks (quivered)
Armour
 e - a +0 pair of boots (worn)
 z - a +0 cloak (worn)
 E - a +0 shield
 R - a +1 pair of gloves (worn)
 W - +0 storm dragon scales (worn)
Jewellery
 B - a +2 amulet of reflection
 Q - an amulet of regeneration (around neck)
 T - a ring of positive energy (left hand)
 V - a +3 ring of evasion (right hand)
Wands
 k - a wand of digging (4)
 y - a wand of disintegration (11)
Scrolls
 a - 2 scrolls of amnesia {unknown}
 f - a scroll of enchant armour {unknown}
 g - 3 scrolls of immolation {unknown}
 m - 7 scrolls of teleportation {unknown}
 n - 7 scrolls of remove curse
 p - a scroll of magic mapping {unknown}
 s - a scroll of fog {unknown}
 t - 5 scrolls of fear {unknown}
 u - a scroll of blinking {unknown}
 w - 10 scrolls of identify
 G - 2 scrolls of acquirement {unknown}
 N - 2 scrolls of random uselessness {unknown}
 U - 2 scrolls of torment {unknown}
Potions
 b - 2 potions of degeneration {unknown}
 d - 9 potions of heal wounds
 h - 2 potions of lignification {unknown}
 i - a potion of invisibility {unknown}
 j - 2 potions of ambrosia {unknown}
 o - 2 potions of might {unknown}
 q - 3 potions of magic {unknown}
 r - 3 potions of agility {unknown}
 v - 7 potions of curing
 F - a potion of mutation {unknown}
 H - a potion of haste {unknown}
 M - 3 potions of flight {unknown}
 P - a potion of berserk rage {unknown}
 S - a potion of cancellation {unknown}
Miscellaneous
 Y - a lamp of fire
Comestibles
 c - 26 rations
 Z - 11 chunks of flesh


   Skills:
 + Level 11.4 Fighting
 - Level 16.0 Long Blades
 * Level 12.3(12.4) Axes
   Level 0.8(8.6) Maces & Flails
 + Level 4.3(4.4) Staves
 + Level 1.6 Bows
 + Level 5.3 Throwing
 + Level 13.1 Armour
 + Level 5.0 Dodging
 + Level 1.0 Stealth
 + Level 8.7 Shields


You had 13 spell levels left.
You didn't know any spells.
Your spell library was empty.

Dungeon Overview and Level Annotations

Branches:
Dungeon (15/15)            Temple (0/1) D:5            Lair (0/6) D:9
    Orc (2/2) D:11            Elf (0/3) Orc:2        Depths (0/5) D:15
 Vaults: D:13-14

Altars:
Cheibriados
Fedhas
Kikubaaqudgha
Ru
Sif Muna
Trog
Uskayaw
Vehumet
Wu Jian
Xom
Yredelemnul
The Shining One

Shops:
D:6 ?%   D:12 (   Orc:2 =

Portals:
Trove: D:12 (give 8 potions of haste)

Annotations:
D:11 2 transporters, xveg's ghost, journeyman HaHu


Innate Abilities, Weirdness & Mutations

You reflexively headbutt those who attack you in melee.
You have a pair of horns on your head.


Message History

Unknown command.
You barely miss the orc warlord. Your headbutt misses the orc warlord.
The orc warlord is almost dead.
The orc warrior hits you from afar with a cursed -3 trident!
* * * LOW HITPOINT WARNING * * *
You slice the orc warlord!!
You kill the orc warlord!
Trog accepts your kill. The orc warrior misses you.
Items here: $ )) [[ † You feel a strong urge to attack something.
The orc warrior closely misses you. The orc warrior completely misses you.
You feel your anger nearly subside.
You are no longer berserk.
You are exhausted.
You feel yourself slow down.
The orc warrior hits you from afar with a cursed -3 trident.
* * * LOW HITPOINT WARNING * * *
The orc warrior hits you with a cursed -3 trident!!
You die...

##.##...####................
##.#........#......<.....<.)
#.........................÷.
##.##.......................
#...##......................
##.####.#...................
### ###...................
#...................
#..@................
##..o...............#
##....................
##...)........
#..)))#.......
#...........>...
#.........#......
#...8..∩..8.<....
..#..#..........


You could see an orc warrior.

Vanquished Creatures
  A storm dragon (D:11)
  A tengu reaver (D:11)
  2 orc warlords
  A yaktaur captain (D:15)
  5 centaur warriors
  3 two-headed ogres
  3 tengu warriors
  The ghost of xelsha the Magician, a novice GnAE of Sif Muna (D:8)
  2 unseen horrors (D:10)
  A deep troll (D:11)
  2 wizards
  Pikel (D:8)
  A deep elf mage (D:15)
  An orc sorcerer (Orc:1)
  6 ugly things
  4 cyclopes
  4 manticores
  An elephant (shapeshifter) (D:13)
  6 centaur zombies
  2 black mambas (shapeshifter) (D:15)
  A kobold demonologist (D:12)
  2 tengu conjurers (D:14)
  6 yaktaurs (D:15)
  6 trolls
  A queen bee (D:12)
  3 slime creatures (D:15)
  3 hippogriffs
  A hippogriff (shapeshifter) (D:14)
  A meliai zombie (D:12)
  A wraith (D:11)
  A vampire (D:11)
  3 wyverns (D:9)
  A basilisk (D:9)
  9 humans (D:13)
  4 hungry ghosts
  9 yaks
  4 vampire mosquitoes (D:12)
  Edmund (D:4)
  A soldier ant (D:10)
  4 wargs
  4 water moccasins
  16 orc warriors
  A black bear (D:11)
  3 sky beasts
  11 ogres
  4 ice beasts
  3 slaves (D:8)
  3 phantoms
  17 centaurs
  A crocodile (D:15)
  5 big kobolds
  13 bullfrogs
  6 scorpions
  28 killer bees
  3 howler monkeys
  10 wights
  6 crimson imps
  3 jellies
  2 bullfrog zombies
  10 hounds
  19 orc wizards
  2 bullfrog skeletons
  3 gnoll shamans
  9 orc priests
  12 centaur skeletons
  12 worker ants
  7 iguanas
  Robin (D:3)
  14 gnolls
  13 adders
  A shadow imp (D:10)
  An ooze (D:5)
  An adder skeleton (D:3)
  An adder zombie (D:7)
  2 worms (D:2)
  2 dart slugs (D:1)
  4 leopard geckos
  61 orcs
  4 bats
  4 giant cockroaches
  10 hobgoblins
  13 jackals
  4 quokkas
  3 ball pythons
  4 frilled lizards
  13 goblins
  A jackal skeleton (D:8)
  14 kobolds
  A leopard gecko skeleton (D:8)
  A quokka skeleton (D:5)
  4 rats
500 creatures vanquished.

Vanquished Creatures (others)
  A swamp drake (D:9)
  2 orcs
3 creatures vanquished.

Grand Total: 503 creatures vanquished

Notes
Turn   | Place    | Note
-------+----------+-------------------------------------------
     0 | D:1      | dengdeng the Minotaur Berserker began the quest for the
                  | Orb.
     0 | D:1      | Reached XP level 1. HP: 19/19 MP: 0/0
   286 | D:1      | Reached XP level 2. HP: 25/27 MP: 1/1
   888 | D:2      | Reached XP level 3. HP: 29/33 MP: 2/2
   904 | D:2      | Reached ** piety under Trog
  1425 | D:3      | Reached XP level 4. HP: 40/40 MP: 3/3
  1475 | D:3      | Reached skill level 5 in Axes
  1565 | D:3      | Noticed a +0 hand axe
  1566 | D:3      | Noticed a +0 dagger
  1578 | D:3      | Found a hide-covered altar of Uskayaw.
  1826 | D:3      | Noticed Robin
  1848 | D:3      | Killed Robin
  2288 | D:4      | Reached skill level 1 in Staves
  2288 | D:4      | Reached XP level 5. HP: 41/46 MP: 4/4
  2303 | D:4      | Noticed Edmund
  2320 | D:4      | Killed Edmund
  2320 | D:4      | Reached XP level 6. HP: 6/53 MP: 5/5
  2431 | D:4      | Reached *** piety under Trog
  2456 | D:4      | Reached skill level 5 in Armour
  2507 | D:4      | Received a gift from Trog
  2681 | D:4      | Found an ancient bone altar of Kikubaaqudgha.
  2737 | D:5      | Entered Level 5 of the Dungeon
  2743 | D:5      | Found the +2 Maxwell's thermic engine {flame, freeze}
  2756 | D:5      | Found a staircase to the Ecumenical Temple.
  2847 | D:5      | Reached XP level 7. HP: 60/60 MP: 6/6
  3111 | D:5      | Reached skill level 1 in Long Blades
  3130 | D:5      | Found a sacrificial altar of Ru.
  3159 | D:5      | Reached skill level 2 in Long Blades
  3233 | D:5      | Identified the cursed +1 dagger of the Heavens {pain,
                  | Int+3}
  3238 | D:5      | Reached skill level 5 in Fighting
  3238 | D:5      | Reached skill level 3 in Long Blades
  3393 | D:5      | Found a shimmering altar of Xom.
  3445 | D:6      | Found Deske's Food Boutique.
  3468 | D:6      | Reached skill level 4 in Long Blades
  3474 | D:6      | Got a crystal rapier
  3502 | D:6      | Reached XP level 8. HP: 68/68 MP: 7/7
  3556 | D:6      | Reached skill level 5 in Long Blades
  3558 | D:6      | Found a radiant altar of Vehumet.
  3652 | D:6      | Reached skill level 6 in Long Blades
  3807 | D:6      | Reached skill level 1 in Shields
  3907 | D:6      | Found a bloodstained altar of Trog.
  4139 | D:6      | Reached skill level 7 in Long Blades
  4165 | D:6      | Reached skill level 1 in Bows
  4165 | D:6      | Reached skill level 1 in Throwing
  4873 | D:6      | Found Mukkyudism's Magic Scroll Boutique.
  4881 | D:6      | Bought a scroll of remove curse for 39 gold pieces
  4881 | D:6      | Bought a scroll of identify for 26 gold pieces
  4881 | D:6      | Identified the +2 rapier "Plog" {chaos, rF+} (You found it
                  | on level 6 of the Dungeon)
  5436 | D:7      | Reached XP level 9. HP: 74/74 MP: 8/8
  5490 | D:7      | Reached **** piety under Trog
  5567 | D:7      | Reached skill level 8 in Long Blades
  5661 | D:7      | Reached skill level 9 in Long Blades
  5861 | D:7      | Received a gift from Trog
  5904 | D:7      | Reached skill level 10 in Long Blades
  5982 | D:7      | Found a sacrificial altar of Ru.
  5982 | D:7      | Found a deep blue altar of Sif Muna.
  5987 | D:7      | Found a blossoming altar of Fedhas.
  5989 | D:7      | Found an ornate altar of the Wu Jian Council.
  5991 | D:7      | Found a faded altar of an unknown god.
  6384 | D:8      | Found a runed translucent gate.
  6384 | D:8      | Found a runed translucent gate.
  6384 | D:8      | Found a runed translucent gate.
  6390 | D:8      | Reached XP level 10. HP: 73/83 MP: 9/9
  6534 | D:8      | Noticed xelsha's ghost (novice GnAE)
  6536 | D:8      | Reached skill level 11 in Long Blades
  6540 | D:8      | Noticed Pikel
  6549 | D:8      | Killed Pikel
  6566 | D:8      | Noticed a two-headed ogre
  6577 | D:8      | Killed a two-headed ogre
  6577 | D:8      | Reached skill level 12 in Long Blades
  6747 | D:8      | Noticed a two-headed ogre
  6754 | D:8      | Killed a two-headed ogre
  6859 | D:8      | Reached skill level 10 in Armour
  6979 | D:8      | Found a glowing golden altar of the Shining One.
  7076 | D:8      | Killed xelsha's ghost
  7076 | D:8      | Reached skill level 13 in Long Blades
  7155 | D:9      | Reached ***** piety under Trog
  7174 | D:9      | Reached XP level 11. HP: 88/92 MP: 10/10
  7181 | D:9      | Received a gift from Trog
  7198 | D:9      | Found a basalt altar of Yredelemnul.
  7441 | D:9      | Found a staircase to the Lair.
  7895 | D:10     | Entered Level 10 of the Dungeon
  7986 | D:10     | Reached skill level 1 in Stealth
  8130 | D:10     | Reached skill level 14 in Long Blades
  8307 | D:10     | Killed an unseen horror
  8398 | D:10     | Killed an unseen horror
  8482 | D:10     | Received a gift from Trog
  8761 | D:11     | Found a transporter.
  8767 | D:11     | Found a transporter.
  8767 | D:11     | Noticed xveg's ghost (journeyman HaHu)
  9059 | D:11     | Noticed a cyan ugly thing
  9063 | D:11     | Killed a cyan ugly thing
  9109 | D:11     | Noticed a brown ugly thing
  9113 | D:11     | Killed a brown ugly thing
  9237 | D:11     | Found a staircase to the Orcish Mines.
  9288 | D:11     | Reached skill level 15 in Long Blades
  9295 | D:11     | Found a snail-covered altar of Cheibriados.
  9324 | D:11     | Noticed a wizard
  9327 | D:11     | Killed a wizard
  9327 | D:11     | Reached XP level 12. HP: 104/104 MP: 11/11
  9329 | D:11     | Noticed a tengu reaver
  9336 | D:11     | Killed a tengu reaver
  9337 | D:11     | Noticed a storm dragon
  9346 | D:11     | Killed a storm dragon
  9346 | D:11     | Reached skill level 5 in Throwing
  9448 | D:11     | Noticed a tengu warrior
  9456 | D:11     | Killed a tengu warrior
  9481 | D:11     | Noticed a two-headed ogre
  9485 | D:11     | Killed a two-headed ogre
  9889 | D:12     | Reached skill level 16 in Long Blades
 10017 | D:12     | Received a gift from Trog
 10385 | D:12     | Reached skill level 10 in Fighting
 10503 | D:12     | Reached skill level 5 in Shields
 10794 | D:12     | Found a portal to a secret trove of treasure.
 10903 | D:12     | Found Ysui's Weapon Boutique.
 11369 | D:13     | Received a gift from Trog
 11394 | D:13     | Noticed a centaur warrior
 11401 | D:13     | Killed a centaur warrior
 11687 | D:13     | Reached XP level 13. HP: 110/114 MP: 12/12
 11725 | D:13     | Received a gift from Trog
 11754 | D:13     | You fall through a shaft for 2 floors!
 11754 | D:15     | Entered Level 15 of the Dungeon
 13418 | D:14     | Got a brightly glowing dagger
 13422 | D:14     | Identified the +9 dagger "Vohueth" {freeze, +Inv} (You
                  | found it on level 14 of the Dungeon)
 14308 | D:15     | Reached skill level 10 in Axes
 14670 | D:15     | Found a staircase to the Depths.
 15689 | Orc:1    | Entered Level 1 of the Orcish Mines
 15764 | Orc:1    | Noticed an orc warlord
 15771 | Orc:1    | Reached ****** piety under Trog
 15775 | Orc:1    | Killed an orc warlord
 15775 | Orc:1    | Reached skill level 5 in Dodging
 15775 | Orc:1    | Reached XP level 14. HP: 124/124 MP: 13/13
 15780 | Orc:1    | Received a gift from Trog
 16088 | Orc:2    | Entered Level 2 of the Orcish Mines
 16136 | Orc:1    | Received a gift from Trog
 16317 | Orc:2    | Found a staircase to the Elven Halls.
 16319 | Orc:2    | Found Coti's Jewellery Emporium.
 16321 | Orc:2    | Noticed an orc warlord
 16341 | Orc:2    | Killed an orc warlord
 16346 | Orc:2    | HP: 4/124 [orc warrior/cursed -3 trident[an orc warlord]
                  | (6)]
 16348 | Orc:2    | Annihilated by an orc warrior

Skill      XL: |  1  2  3  4  5  6  7  8  9 10 11 12 13 14 |
---------------+-------------------------------------------+-----
Axes           | 4 5 11 12 | 12.3
Armour         | 3 4 5 6 7 8 10 11 12 13 | 13.1
Fighting       | 4 5 6 7 9 10 11 | 11.4
Staves         | 1 2 3 4 |  4.3
Dodging        | 3 4 5 |  5.0
Long Blades    | 4 7 10 13 15 16 | 16.0
Shields        | 1 7 8 |  8.7
Bows           | 1 |  1.6
Throwing       | 2 3 4 5 |  5.3
Stealth        | 1 |  1.0
Maces & Flails | |  0.8

Action                   |  1- 3 |  4- 6 |  7- 9 | 10-12 | 13-15 || total
-------------------------+-------+-------+-------+-------+-------++-------
Melee: Hand axe          |    67 |     6 |       |       |       ||    73
       Headbutt          |    10 |    15 |    41 |    90 |    69 ||   225
       Lajatang          |       |    74 |       |       |       ||    74
       Dire flail        |       |    20 |       |       |       ||    20
       Double sword      |       |    13 |   213 |   485 |    16 ||   727
       Battleaxe         |       |       |       |       |   280 ||   280
 Fire: Shortbow          |       |       |    54 |       |       ||    54
Throw: Stone             |    13 |       |   187 |    12 |       ||   212
       Tomahawk          |       |       |    11 |    29 |     3 ||    43
       Javelin           |       |       |     5 |       |       ||     5
Invok: Berserk           |       |     2 |       |     2 |     2 ||     6
Evoke: Lamp of fire      |       |       |       |       |     1 ||     1
  Use: Scroll            |       |       |     1 |     2 |     2 ||     5
 Stab: Confused          |       |       |       |     1 |       ||     1
  Eat: Chunk             |     2 |     6 |     8 |    13 |    12 ||    41
       Ration            |       |       |     2 |     2 |     1 ||     5
Armor: Animal skin       |     3 |       |       |       |       ||     3
       Ring mail         |    15 |    16 |       |       |       ||    31
       Chain mail        |       |    28 |       |       |       ||    28
       Plate armour      |       |    32 |   161 |   181 |       ||   374
       Storm dragon scal |       |       |       |   102 |   236 ||   338
Dodge: Dodged            |    47 |    62 |    74 |   217 |   233 ||   633
Block: Shield            |       |       |    68 |   156 |    20 ||   244
       Reflection        |       |       |       |     9 |     1 ||    10
       Other             |       |       |       |       |    14 ||    14
       Rpst.: Double sword |       |       |    24 |    59 |     5 ||    88
